 Dungeon Crawl Stone Soup version 0.28-a0-687-gb91baff9cc (webtiles) character file.

Game seed: 10563032509206108575

194 sanka the Slasher (level 5, 0/47 HPs)
             Began as a Gnoll Cinder Acolyte on Oct 19, 2021.
             Was a High Priest of Ignis.
             Succumbed to a scorpion's poison
             ... on level 4 of the Dungeon.
             The game lasted 00:04:30 (3264 turns).

sanka the Slasher (Gnoll Cinder Acolyte)            Turns: 3264, Time: 00:04:31

Health: 0/47       AC:  3    Str: 14 (16) XL:     5   Next: 73%
Magic:  8/8        EV: 11    Int: 11 (13) God:    Ignis [*****.]
Gold:   106        SH:  0    Dex:  5 (8)  Spells: 10/10 levels left

rFire   + . .      SeeInvis .   g - +2 short sword (speed)
rCold   . . .      Faith    .   (no shield)
rNeg    . . .      Spirit   .   b - +0 robe
rPois   .          Reflect  .   (helmet restricted)
rElec   .          Harm     .   (no cloak)
rCorr   .          Rampage  .   (no gloves)
Will    .....                   l - +0 pair of boots
Stlth   +.........              (no amulet)
HPRegen 0.15/turn               (no ring)
MPRegen 0.11/turn               (no ring)

@: brilliant, lethally poisoned (0 -> -4), hasted, very quick
A: fangs 1, strong nose, distributed training, horns 1, low mp 1, strong 1
a: Renounce Religion, Sea of Fire, Foxfire Swarm, Rising Flame


You were on level 4 of the Dungeon.
You worshipped Ignis.
Ignis was extremely pleased with you.
You visited 1 branch of the dungeon, and saw 4 of its levels.

You collected 106 gold pieces.


Innate Abilities, Weirdness & Mutations

You have very sharp teeth.
Your uncanny sense of smell can sniff out nearby items.
Your experience applies equally to all skills.
You have a pair of small horns on your head.
Your magical capacity is low. (-10% MP)
Your muscles are strong. (Str +2)


   Skills:
 + Level 6.7 Fighting
 + Level 1.6 Short Blades
 + Level 6.7 Long Blades
 + Level 1.6 Axes
 + Level 1.6 Maces & Flails
 + Level 1.6 Polearms
 + Level 1.6 Staves
 + Level 1.6 Slings
 + Level 1.6 Bows
 + Level 1.6 Crossbows
 + Level 1.6 Throwing
 + Level 1.6 Armour
 + Level 1.6 Dodging
 + Level 1.6 Stealth
 + Level 1.6 Shields
 + Level 1.6 Unarmed Combat
 + Level 3.2 Spellcasting
 + Level 1.3 Conjurations
 + Level 1.3 Hexes
 + Level 1.3 Summonings
 + Level 1.3 Necromancy
 + Level 1.3 Translocations
 + Level 1.3 Transmutations
 + Level 5.6 Fire Magic
 + Level 1.3 Ice Magic
 + Level 1.3 Air Magic
 + Level 1.3 Earth Magic
 + Level 1.3 Poison Magic
 + Level 1.8 Invocations
 + Level 1.6 Evocations


You had 10 spell levels left.
You didn't know any spells.
Your spell library contained the following spells:

 Spells                   Type           Power      Damage    Failure   Level
 Scorch                   Fire           42%        2d7       4%          2
 Freeze                   Ice            24%        1d5       16%         1
 Magic Dart               Conj           24%        1d4       16%         1
 Searing Ray              Conj           12%        2d4       22%         2
 Call Canine Familiar     Summ           6%         N/A       41%         3
 Frozen Ramparts          Ice            12%        1d3       41%         3
 Portal Projectile        Hex/Tloc       12%        N/A       41%         3
 Fulminant Prism          Conj/Hex       3%         3d6       83%         4
 Hailstorm                Conj/Ice       6%         3d4       83%         4
 Leda's Liquefaction      Hex/Erth       3%         N/A       83%         4

Inventory:

Hand Weapons
 a - a -1 falchion of flaming
 g - a +2 short sword of speed (weapon)
Armour
 b - a +0 robe (worn)
 l - a +0 pair of boots (worn)
Wands
 o - a wand of paralysis (10)
Scrolls
 f - a scroll of teleportation {unknown}
 j - a scroll of noise {unknown}
 k - a scroll of amnesia {unknown}
 m - a scroll of identify {unknown}
 n - a scroll of enchant armour {unknown}
 p - a scroll of blinking {unknown}
Potions
 d - a potion of haste {@q3}

Dungeon Overview and Level Annotations

Branches:
Dungeon (4/15)
 Temple: D:4-7

Altars:
Hepliaklqana
Sif Muna

▒▒ .. .▒ .▒ .▒
▒▒▒▒▒▒▒▒▒▒▒▒▒▒▒▒▒.▒▒▒▒..
.............†..g.......
▒▒▒▒▒▒▒.▒▒▒.▒▒▒▒▒....▒..
.(..............▒.▒▒.▒
▒▒▒▒▒
▒▒..▒▒▒▒▒▒▒▒▒...▒.▒ ▒
....▒▒
▒..▒.......▒...▒.▒ ▒...
▒.▒.......▒...▒.▒ ▒...
▒.▒.......▒...▒.▒ ▒...
▒▒▒..g.._...▒...▒.▒ ▒.(.
....▒.......▒.▒▒▒
▒▒▒▒▒▒▒...


There were no monsters in sight!


Message History

You feel very sick.
It was a potion of degeneration.
There was something very wrong with that liquid.
You feel weakened.
You feel dopey.
You feel clumsy.
* * * LOW HITPOINT WARNING * * *
You feel sick.
It was a potion of magic.
Magic courses through your body.
* * * LOW HITPOINT WARNING * * *
You feel sick.
It was a potion of mutation.
You feel extremely strange.
You feel less energetic. A pair of horns grows on your head!
You feel stronger.
* * * LOW HITPOINT WARNING * * *
You feel sick.
It was a potion of brilliance.
You feel clever all of a sudden.
* * * LOW HITPOINT WARNING * * *
You feel sick.
* * * LOW HITPOINT WARNING * * *
You feel sick.
You see here a scorpion corpse.
* * * LOW HITPOINT WARNING * * *
You feel sick.
Unknown command.
You die...

Action                   |  1- 3 |  4- 6 || total
-------------------------+-------+-------++-------
Melee: Falchion          |    84 |       ||    84
       Bite              |     6 |     8 ||    14
       Short sword       |    58 |    79 ||   137
  Use: Potion            |       |     5 ||     5
 Stab: Sleeping          |     2 |     2 ||     4
Armor: Robe              |    25 |    10 ||    35
Dodge: Dodged            |    73 |    30 ||   103

Levels and vault maps discovered:
D:1:      dpeg_arrival_lava_temple_mockup, layout_rooms, interstate_on_off
D:2:      layout_loops_ring
D:3:      layout_rooms, beargit_hepliaklqana_dungeon_heroes, skrybe_limestone_x
D:4:      layout_basic, lemuel_tele_altar, serial_shops, nicolae_shop_waterfront

Notes
Turn   | Place    | Note
-------+----------+-------------------------------------------
     0 | D:1      | sanka the Gnoll Cinder Acolyte began the quest for the Orb.
     0 | D:1      | Reached XP level 1. HP: 23/23 MP: 4/4
   444 | D:1      | Reached XP level 2. HP: 22/29 MP: 5/5
  1192 | D:1      | Reached XP level 3. HP: 34/35 MP: 7/7
  1620 | D:2      | Reached skill level 1 in Invocations
  2059 | D:3      | Reached skill level 1 in Short Blades
  2059 | D:3      | Reached skill level 1 in Axes
  2059 | D:3      | Reached skill level 1 in Maces & Flails
  2059 | D:3      | Reached skill level 1 in Polearms
  2059 | D:3      | Reached skill level 1 in Staves
  2059 | D:3      | Reached skill level 1 in Slings
  2059 | D:3      | Reached skill level 1 in Bows
  2059 | D:3      | Reached skill level 1 in Crossbows
  2059 | D:3      | Reached skill level 1 in Throwing
  2059 | D:3      | Reached skill level 1 in Armour
  2059 | D:3      | Reached skill level 1 in Dodging
  2059 | D:3      | Reached skill level 1 in Stealth
  2059 | D:3      | Reached skill level 1 in Shields
  2059 | D:3      | Reached skill level 1 in Unarmed Combat
  2059 | D:3      | Reached skill level 1 in Evocations
  2082 | D:3      | Reached XP level 4. HP: 39/41 MP: 8/8
  2323 | D:3      | Reached skill level 3 in Spellcasting
  2516 | D:3      | Found a faded altar of an unknown god.
  2517 | D:3      | Found a hazy altar of Hepliaklqana.
  2873 | D:4      | Reached skill level 1 in Conjurations
  2873 | D:4      | Reached skill level 1 in Hexes
  2873 | D:4      | Reached skill level 1 in Summonings
  2873 | D:4      | Reached skill level 1 in Necromancy
  2873 | D:4      | Reached skill level 1 in Translocations
  2873 | D:4      | Reached skill level 1 in Transmutations
  2873 | D:4      | Reached skill level 1 in Ice Magic
  2873 | D:4      | Reached skill level 1 in Air Magic
  2873 | D:4      | Reached skill level 1 in Earth Magic
  2873 | D:4      | Reached skill level 1 in Poison Magic
  3007 | D:4      | Noticed a phantom
  3096 | D:4      | Reached XP level 5. HP: 30/47 MP: 9/9
  3227 | D:4      | Found a shimmering blue altar of Sif Muna.
  3259 | D:4      | Gained mutation: Your magical capacity is low. (-10% MP)
                  | [potion of mutation]
  3259 | D:4      | Gained mutation: You have a pair of small horns on your
                  | head. [potion of mutation]
  3259 | D:4      | Gained mutation: Your muscles are strong. (Str +2) [potion
                  | of mutation]
  3259 | D:4      | HP: 3/47 [poisoned by a scorpion]
  3261 | D:4      | HP: 1/47 [poisoned by a scorpion]
  3264 | D:4      | Succumbed to a scorpion's poison

Vanquished Creatures
  A scorpion (D:4)
  A hound (D:4)
  5 adders
  An ufetubus (D:3)
  2 orcs (D:3)
  4 ball pythons
  2 endoplasms
  A giant cockroach (D:3)
  8 goblins
  5 hobgoblins
  2 quokkas
  4 bats
  7 frilled lizards
  9 kobolds
  4 rats
56 creatures vanquished.
